 Dungeon Crawl Stone Soup version 0.29.1-12-g30fa7ad0bf (webtiles) character file.

Game seed: 16948354908464694452

1423 Woods the Insei (level 8, -3/58 (61) HPs)
             Began as a Gnoll Transmuter on Dec 23, 2022.
             Slain by a wight
             ... wielding a +0 dire flail
              (16 damage)
             ... on level 6 of the Dungeon.
             The game lasted 00:07:16 (6661 turns).

Woods the Insei (Gnoll Transmuter)                  Turns: 6661, Time: 00:07:17

HP:   -3/58 (61)    AC:  2    Str:  9    XL:     8   Next: 72%
MP:   16/17         EV: 23    Int: 16    God:
Gold: 345           SH:  0    Dex: 17    Spells: 13/19 levels left

rFire   . . .      SeeInvis .     - Unarmed
rCold   . . .      Faith    .   (shield currently unavailable)
rNeg    . . .      Spirit   .   (body armour currently unavailable)
rPois   x          Reflect  .   (helmet currently unavailable)
rElec   .          Harm     .   (cloak currently unavailable)
rCorr   .          Rampage  .   (gloves currently unavailable)
Will    .....                   (boots currently unavailable)
Stlth   +++.......              (no amulet)
HPRegen 0.19/turn               (no ring)
MPRegen 0.15/turn               (no ring)

@: spider-form, lightly drained
A: venomous fangs, tiny, (fangs 1), strong nose, distributed training
a: End Transformation


You were on level 6 of the Dungeon.
You were a venomous arachnid creature.
You visited 2 branches of the dungeon, and saw 7 of its levels.

You collected 345 gold pieces.

Inventory:

Armour
 a - a +0 robe (melded)
 c - a +0 chain mail
 i - a +0 cloak (melded)
 n - a +0 hat (melded)
 u - a +0 pair of boots (melded)
Jewellery
 g - a ring of poison resistance
 v - a ring of positive energy
Wands
 w - a wand of quicksilver (6)
Scrolls
 d - a scroll of torment {unknown}
 f - 6 scrolls of identify {unknown}
 l - a scroll of blinking {unknown}
 m - 3 scrolls of teleportation {unknown}
 q - a scroll of enchant armour {unknown}
 r - 2 scrolls of poison {unknown}
 s - a scroll of immolation {unknown}
 x - a scroll of vulnerability {unknown}
 y - a scroll of fear {unknown}
 z - a scroll of fog {unknown}
Potions
 b - 2 potions of lignification
 e - a potion of curing {unknown}
 h - a potion of flight {unknown}
 j - a potion of mutation {unknown}
 k - a potion of haste {unknown}
 o - 6 potions of brilliance {unknown}
 p - 2 potions of heal wounds {unknown}
 t - a potion of attraction {unknown}


   Skills:
 + Level 4.5 Fighting
 + Level 3.6 Short Blades
 + Level 3.6 Long Blades
 + Level 3.6 Axes
 + Level 3.6 Maces & Flails
 + Level 3.6 Polearms
 + Level 3.6 Staves
 + Level 3.6 Ranged Weapons
 + Level 3.6 Throwing
 + Level 3.6 Armour
 + Level 5.9 Dodging
 + Level 3.6 Stealth
 + Level 3.6 Shields
 + Level 7.5 Unarmed Combat
 + Level 6.2 Spellcasting
 + Level 3.0 Conjurations
 + Level 3.0 Hexes
 + Level 3.0 Summonings
 + Level 3.0 Necromancy
 + Level 3.0 Translocations
 + Level 4.9 Transmutations
 + Level 3.0 Fire Magic
 + Level 3.0 Ice Magic
 + Level 3.0 Air Magic
 + Level 3.0 Earth Magic
 + Level 3.0 Poison Magic
 + Level 4.0 Invocations
 + Level 3.6 Evocations


You had 13 spell levels left.
You knew the following spells:

 Your Spells              Type           Power      Damage    Failure   Level
a - Beastly Appendage     Tmut           40%        N/A       8%          1
b - Wereblood             Tmut           20%        N/A       10%         2
c - Spider Form           Tmut/Pois      17%        N/A       21%         3

Your spell library contained the following spells:

 Spells                   Type           Power      Damage    Failure   Level
 Freeze                   Ice            56%        1d7       12%         1
 Magic Dart               Conj           56%        1d5       12%         1
 Sandblast                Erth           28%        2d8       12%         1
 Passwall                 Tmut/Erth      14%        N/A       13%         2
 Call Imp                 Summ           14%        N/A       17%         2
 Ensorcelled Hibernation  Hex/Ice        28%        N/A       17%         2
 Ignite Poison            Fire/Tmut/Pois 16%        N/A       22%         3
 Conjure Flame            Conj/Fire      14%        6-21      28%         3
 Frozen Ramparts          Ice            28%        1d5       28%         3
 Gell's Gravitas          Tloc           14%        N/A       28%         3
 Lesser Beckoning         Tloc           14%        N/A       28%         3
 Mephitic Cloud           Conj/Pois/Air  14%        N/A       28%         3
 Stone Arrow              Conj/Erth      28%        3d8       28%         3
 Teleport Other           Tloc           14%        N/A       28%         3
 Ice Form                 Ice/Tmut       17%        N/A       47%         4
 Anguish                  Hex/Necr       7%         N/A       58%         4
 Hailstorm                Conj/Ice       14%        3d5       58%         4
 Sticky Flame             Conj/Fire      14%        2d4       58%         4


Dungeon Overview and Level Annotations

Branches:
Dungeon (6/15)             Temple (1/1) D:4

Altars:
Cheibriados
Dithmenos
Elyvilon
Gozag
Hepliaklqana
Kikubaaqudgha
Makhleb
Nemelex Xobeh
Okawaru
Qazlal
Sif Muna
Wu Jian
Yredelemnul
Zin
The Shining One

Shops:
D:2 *   D:3 :


Innate Abilities, Weirdness & Mutations

You are a venomous arachnid creature.
You have poisonous fangs.
You are tiny and dextrous.
Your spellcasting is less reliable in this form.
Your armour is entirely melded.
You are incapable of wielding weapons or throwing items.
((You have very sharp teeth.))
Your uncanny sense of smell can sniff out nearby items.
Your experience applies equally to all skills.


Message History

You hit the wight but do no damage.
The wight is heavily damaged.
The wight completely misses you.
You hit the wight.
The wight is almost destroyed.
The wight completely misses you.
You barely miss the wight.
The wight is almost destroyed.
The wight completely misses you.
You hit the wight but do no damage.
The wight is almost destroyed.
You hit the wight but do no damage.
The wight is almost destroyed.
The wight hits you with a +0 long sword.
* * * LOW HITPOINT WARNING * * *
You feel drained.
* * * LOW HITPOINT WARNING * * *
You hit the wight.
You destroy the wight!
Your Conjurations skill increases to level 3!
Your Hexes skill increases to level 3!
Your Summonings skill increases to level 3!
Your Necromancy skill increases to level 3!
Your Translocations skill increases to level 3!
Your Fire Magic skill increases to level 3!
Your Ice Magic skill increases to level 3!
Your Air Magic skill increases to level 3!
Your Earth Magic skill increases to level 3!
Your Poison Magic skill increases to level 3!
You barely miss the wight. The wight misses you.
You hit the wight.
The wight is lightly damaged.
The wight completely misses you.
You hit the wight.
The wight is heavily damaged.
The wight misses you.
You barely miss the wight.
The wight is heavily damaged.
The wight hits you with a +0 dire flail!
You die...

..... ..... ###########
.?.... #.........#
...... #.........#
......#######.........#
...........##....)....#
#.......##....)....#
#.......##.........#
+.......zs.........###
#.......##.........+.#
#.......##.........#.#
+:.......######...##.#
#.......... ###....#
#....#+##.### #:####
...##. .# #.# ... .. ..
#.# ∆ #.#


You could see a wight.

Vanquished Creatures
  Duvessa (D:4)
  A black bear (D:4)
  An ogre (D:4)
  2 centaurs
  A bullfrog (D:6)
  A necrophage (D:5)
  2 scorpions
  2 wights (D:6)
  A water moccasin zombie (D:6)
  Dowan (D:4)
  A bullfrog zombie (D:6)
  2 centaur zombies (D:6)
  2 jellies
  3 hounds
  An iguana (D:5)
  An orc wizard (D:6)
  2 killer bee zombies (D:6)
  Robin (D:3)
  A gnoll (D:1)
  10 adders
  2 ufetubi (D:6)
  A worm (D:3)
  6 orcs
  7 ball pythons
  4 bats (D:3)
  7 endoplasms
  2 giant cockroaches
  15 goblins
  7 hobgoblins
  8 jackals
  2 kobolds (D:2)
  5 quokkas
  3 frilled lizards
106 creatures vanquished.

Vanquished Creatures (others)
  2 plants (D:1)
2 creatures vanquished.

Grand Total: 108 creatures vanquished

Notes
Turn   | Place    | Note
-------+----------+-------------------------------------------
     0 | D:1      | Woods the Gnoll Transmuter began the quest for the Orb.
     0 | D:1      | Reached XP level 1. HP: 17/17 MP: 6/6
   306 | D:1      | Reached XP level 2. HP: 19/23 MP: 5/7
   608 | D:1      | Reached skill level 5 in Spellcasting
   608 | D:1      | Reached XP level 3. HP: 23/28 MP: 6/9
  1072 | D:2      | Reached skill level 1 in Invocations
  1235 | D:2      | Reached skill level 1 in Short Blades
  1235 | D:2      | Reached skill level 1 in Long Blades
  1235 | D:2      | Reached skill level 1 in Axes
  1235 | D:2      | Reached skill level 1 in Maces & Flails
  1235 | D:2      | Reached skill level 1 in Polearms
  1235 | D:2      | Reached skill level 1 in Staves
  1235 | D:2      | Reached skill level 1 in Ranged Weapons
  1235 | D:2      | Reached skill level 1 in Throwing
  1235 | D:2      | Reached skill level 1 in Armour
  1235 | D:2      | Reached skill level 1 in Stealth
  1235 | D:2      | Reached skill level 1 in Shields
  1235 | D:2      | Reached skill level 1 in Evocations
  1241 | D:2      | Found Kutulode's Assorted Antiques.
  1425 | D:2      | Reached XP level 4. HP: 32/34 MP: 9/11
  1513 | D:2      | Learned a level 2 spell: Wereblood
  1517 | D:2      | Learned a level 3 spell: Spider Form
  2058 | D:3      | Found Wyntoo Hiys's Vocational Training.
  2081 | D:3      | Reached skill level 1 in Conjurations
  2081 | D:3      | Reached skill level 1 in Hexes
  2081 | D:3      | Reached skill level 1 in Summonings
  2081 | D:3      | Reached skill level 1 in Necromancy
  2081 | D:3      | Reached skill level 1 in Translocations
  2081 | D:3      | Reached skill level 1 in Fire Magic
  2081 | D:3      | Reached skill level 1 in Ice Magic
  2081 | D:3      | Reached skill level 1 in Air Magic
  2081 | D:3      | Reached skill level 1 in Earth Magic
  2081 | D:3      | Reached skill level 1 in Poison Magic
  2575 | D:3      | Reached XP level 5. HP: 12/40 MP: 12/12
  2809 | D:3      | Found a faded altar of an unknown god.
  2843 | D:3      | Noticed Robin
  2862 | D:3      | Killed Robin
  3487 | D:4      | Reached XP level 6. HP: 42/47 MP: 13/13
  3551 | D:4      | Found a staircase to the Ecumenical Temple.
  3576 | Temple   | Entered the Ecumenical Temple
  4129 | D:4      | Noticed Duvessa
  4129 | D:4      | Noticed Dowan
  4145 | D:4      | Killed Duvessa
  4146 | D:4      | Reached skill level 5 in Dodging
  4152 | D:4      | Killed Dowan
  4335 | D:4      | Reached skill level 7 in Unarmed Combat
  4335 | D:4      | Reached XP level 7. HP: 17/52 MP: 11/15
  4997 | D:5      | Entered Level 5 of the Dungeon
  5260 | D:5      | Found a sparkling altar of Nemelex Xobeh.
  5302 | D:5      | Reached XP level 8. HP: 60/60 MP: 13/16
  5768 | D:5      | Found a snail-covered altar of Cheibriados.
  6388 | D:6      | Found a basalt altar of Yredelemnul.
  6661 | D:6      | Slain by a wight

Illustrated notes

Levels and vault maps discovered:
D:1:      wander_arrival_peaceful_grave, layout_basic, chequers_garden,
          nicolae_grassy_gnolls
D:2:      layout_loops_corners, serial_shops, nicolae_shop_trees
D:3:      layout_rooms, chequers_ecumenical_altar_simple,
          nicolae_shop_vocational, uniq_robin
D:4:      black_bear_nest_1, layout_gridville, minmay_temple_entry_antechambers,
          minmay_fountain_box, uniq_duvessa
D:5:      layout_cave_pods, mainiacjoe_overflow_tiny_flanked,
          lemuel_crystal_altar
D:6:      layout_basic, nicolae_yredelemnul_corpse_copse,
          nicolae_ru_path_of_blood, mainiacjoe_overflow_divided_tiny,
          st_stairs_6, minmay_misc_feat_cross, grunt_decor_fettered,
          minmay_misc_feat_x
Temple:   hc_temple_tempest_star

Skill      XL: |  1  2  3  4  5  6  7  8 |
---------------+-------------------------+-----
Spellcasting   | 5 6 |  6.2
Invocations    | 1 2 3 4 |  4.0
Short Blades   | 1 2 3 |  3.6
Long Blades    | 1 2 3 |  3.6
Axes           | 1 2 3 |  3.6
Maces & Flails | 1 2 3 |  3.6
Polearms       | 1 2 3 |  3.6
Staves         | 1 2 3 |  3.6
Ranged Weapons | 1 2 3 |  3.6
Throwing       | 1 2 3 |  3.6
Armour         | 1 2 3 |  3.6
Stealth        | 1 2 3 |  3.6
Shields        | 1 2 3 |  3.6
Evocations     | 1 2 3 |  3.6
Conjurations   | 1 2 3 |  3.0
Hexes          | 1 2 3 |  3.0
Summonings     | 1 2 3 |  3.0
Necromancy     | 1 2 3 |  3.0
Translocations | 1 2 3 |  3.0
Fire Magic     | 1 2 3 |  3.0
Ice Magic      | 1 2 3 |  3.0
Air Magic      | 1 2 3 |  3.0
Earth Magic    | 1 2 3 |  3.0
Poison Magic   | 1 2 3 |  3.0
Fighting       | 3 4 |  4.5
Transmutations | 4 |  4.9
Dodging        | 5 |  5.9
Unarmed Combat | 7 |  7.5

Action                   |  1- 3 |  4- 6 |  7- 9 || total
-------------------------+-------+-------+-------++-------
Melee: Unarmed           |    76 |   154 |   153 ||   383
       Kick              |    12 |    22 |    10 ||    44
       Bite              |     7 |     7 |     2 ||    16
       Headbutt          |     3 |    23 |     8 ||    34
       Punch             |     1 |     3 |     3 ||     7
 Cast: Beastly Appendage |    19 |    26 |     2 ||    47
       Spider Form       |       |     3 |    15 ||    18
 Abil: End Transformatio |       |     1 |       ||     1
 Stab: Sleeping          |     2 |       |     3 ||     5
Armor: Robe              |     8 |    18 |     8 ||    34
       Skin              |       |     1 |     7 ||     8
Dodge: Dodged            |    48 |   108 |   181 ||   337
